[Event "*** Titled Tuesday Blitz"]
[Site "Chess.com"]
[Date "2020.03.03"]
[Round "5"]
[White "Manukyan_Artak"]
[Black "vpantev"]
[Result "0-1"]
[WhiteElo "2433"]
[BlackElo "2634"]
[TimeControl "180+1"]
[EndTime "13:53:18 PST"]
[Termination "vpantev won on time"]

1. e4 c6 2. d4 d5 3. e5 Bf5 4.
c4 e6 5. Nc3 Ne7 6. Nf3 Nd7 7. Nh4 Bg6 8. Bg5 Qb6 9. cxd5 Nxd5 10. Nxd5 cxd5 11. Nxg6 hxg6 12. Rb1 Bb4+ 13. Ke2 Rc8 14.
h4 f6 15. exf6 gxf6 16. Be3 Kf7 17. Qb3 Bd6 18. Qxb6 Nxb6 19. Kd3 e5 20. dxe5 fxe5 21. Bxb6 axb6 22. a3 Rc4 23. g3 e4+ 24. Kd2 Rd4+ 25. Kc2 Rc8+ 26. Kb3 Rd2 27. h5 Kg7 28. hxg6 Kxg6 29.
Bh3 Rf8 30. Rbd1 Rfxf2 31. Rxd2 Rxd2 32. Bc8 Be5 33. Bxb7 Rxb2+ 34. Ka4 Rd2 35. Kb5 e3 36. Re1 d4 37. Kxb6 e2 38. Bf3 d3 39. Be4+ Kf6 40. Bxd3 Rxd3 41. Rxe2 Rxa3 42. g4 Rg3 43. Re4 Ke6 44.
Kc6 Rc3+ 45. Kb5 Kd5 46. Re1 Rg3 47. Rd1+ Bd4 48. Kb4 Rxg4 49. Rh1 Rg2 50. Rh5+ Be5 51. Kb3 Rb2+ 52. Ka3 Rb7 53. Rh1 Kc4 54. Rh4+ Bd4 55. Ka2 Rb2+ 56. Ka3 Rb7 57. Ka2 Ra7+ 58. Kb1 Kc3 59.
Rh3+ Kc4 60. Kc2 Ra2+ 61. Kd1 Rg2 62. Ke1 Kd5 63. Kf1 Rf2+ 64. Ke1 Ra2 65. Kd1 Ke4 66. Kc1 Rg2 67. Kd1 Be3 68. Rh8 Kd3 69. Rd8+ Bd4 0-1

[Event "*** Titled Tuesday Blitz"]
[Site "Chess.com"]
[Date "2020.03.03"]
[Round "5"]
[White "dopolian"]
[Black "Playgood28"]
[Result "1-0"]
[WhiteElo "2376"]
[BlackElo "2246"]
[TimeControl "180+1"]
[EndTime "13:53:18 PST"]
[Termination "dopolian won on time"]

1. Nf3 f5 2. d3 d6 3. e4 e5 4. Nc3 Nc6 5. d4 fxe4 6. Nxe4 exd4 7. Bb5 Bd7 8. O-O Ne5 9. Bxd7+ Qxd7 10. Nxe5 dxe5 11.
Qh5+ Kd8 12. Qxe5 Ne7 13. Nc5 Qd5 14. Bf4 Qxe5 15. Bxe5 Nc6 16. Ne6+ Kd7 17. Nxf8+ Rhxf8 18. Bxg7 Rf5 19. Rad1 Rd5 20. Rd2 Rg8 21. Bh6 Ne5 22. Kh1 c5 23. Bf4 Nc4 24. Re2 Re8 25. Rxe8 Kxe8 26. b3 Na3 27. Re1+ Kd7 28. Re2 b5 29. Bc1 Nb1 30. Bb2 c4 31. g3 d3 32. cxd3 cxd3 33.
Re1 Nd2 34. Kg2 a5 35. f3 a4 36. Bc3 Rc5 37. Bxd2 Rc2 38. Rd1 Rxa2 39. bxa4 bxa4 40. Kf1 a3 41. Bc3 Rxh2 42. Rxd3+ Kc6 43. Be5 a2 44. Ra3 Kd5 45. f4 h5 46. Ke1 1-0

[Event "*** Titled Tuesday Blitz"]
[Site "Chess.com"]
[Date "2020.03.03"]
[Round "5"]
[White "Gabrielian_Artur"]
[Black "Hasangatin_Ramil"]
[Result "1-0"]
[WhiteElo "2781"]
[BlackElo "2556"]
[TimeControl "180+1"]
[EndTime "13:53:19 PST"]
[Termination "Gabrielian_Artur won by resignation"]

1. e4 d5 2. exd5 Qxd5 3. Nc3 Qd6 4. d4 Nf6 5. Nf3 c6 6. g3 Bg4 7. Bg2 e6 8. O-O Qc7 9. h3 Bxf3 10. Bxf3 Nbd7 11. Ne2 Bd6 12. c4 O-O 13. Bg2 Rad8 14. Qc2 Rfe8 15. Be3 e5 16. dxe5 Bxe5 17. Rad1 Bd6 18. b3 Bc5 19. Bf4 Qb6 20. Nc3 Qa5 21.
Rd3 Ne5 22. Rxd8 Qxd8 23. Rd1 Qa5 24. Na4 Bf8 25. Qd2 Bb4 26. Qc2 Bf8 27. Kh2 h5 28.
Nc3 h4 29. Ne4 hxg3+ 30. fxg3 Nxe4 31. Bxe4 g6 32. Bg2 Bg7 33. Rf1 Qd8 34. Rd1 Qf6 35. Qe2 g5 36. Bc1 g4 37. Qf1 Qxf1 38. Rxf1 gxh3 39.
Kxh3 Nd3 40. Bg5 Bd4 41. Bh4 Re2 42. Bf3 Nf2+ 43. Kg2 Rxa2 44. g4 Nxg4+ 45. Kg3 Ne5 46. Be4 c5 47. Bd5 Rb2 48. Bf6 Rxb3+ 49. Kh4 Rc3 50.
Bxe5 Bxe5 51. Rxf7 Kh8 52. Kh5 Rg3 53. Rd7 Rh3+ 54. Kg6 Rg3+ 55. Kf5 Rg1 56. Kxe5 Re1+ 57. Kd6 b6 58. Rxa7 Rd1 59. Kc6 b5 60. Kxb5 Rb1+ 61. Kxc5 1-0

[Event "*** Titled Tuesday Blitz"]
[Site "Chess.com"]
[Date "2020.03.03"]
[Round "5"]
[White "karwowskikacper"]
[Black "DrMelekess"]
[Result "0-1"]
[WhiteElo "2397"]
[BlackElo "2730"]
[TimeControl "180+1"]
[EndTime "13:53:21 PST"]
[Termination "DrMelekess won by checkmate"]

1. e4 d5 2. exd5 Qxd5 3. Nc3 Qd8 4. g3 Nf6 5. Bg2 c6 6. Nge2 Bg4 7. O-O e6 8. d4 Be7 9. Bf4 O-O 10. Qd2 Nbd7 11.
Rfe1 Re8 12. h3 Bxe2 13. Qxe2 Nb6 14. b3 Qxd4 15. Be5 Qc5 16. a4 Nbd5 17. Ne4 Nxe4 18. Bxe4 Bf6 19. Bxf6 Nxf6 20. Bf3 Rad8 21. a5 a6 22. Ra4 h6 23. Rea1 Rd4 24. Rxd4 Qxd4 25. Rd1 Qc3 26. Kg2 Qxa5 27. c4 Rd8 28. Rxd8+ Qxd8 29. Qe5 Qe7 30. Qb8+ Kh7 31. Qf4 e5 32. Qf5+ g6 33. Qc8 Kg7 34. c5 e4 35. Be2 e3 36.
f3 Qxc5 37. Qxb7 Qc1 38. Qxa6 Qe1 39. Qd3 Qf2+ 40. Kh1 Qe1+ 41. Kh2 Qf2+ 42. Kh1 Nd5 43. Qd1 Qxg3 44. Qg1 Qxh3+ 45. Qh2 Qxh2+ 46. Kxh2 f5 47. Kg3 f4+ 48. Kg4 Kf6 49. Bc4 h5+ 50. Kh3 Nc3 51. Kg2 g5 52. Kf1 Ke5 53. Ke1 g4 54.
Bf7 gxf3 55. Bxh5 f2+ 56. Kf1 Ne4 57. b4 Ng3+ 58. Kg2 f1=Q+ 59. Kh2 Qh1# 0-1

[Event "*** Titled Tuesday Blitz"]
[Site "Chess.com"]
[Date "2020.03.03"]
[Round "5"]
[White "JulianProleiko"]
[Black "Volodar_Murzin"]
[Result "0-1"]
[WhiteElo "2481"]
[BlackElo "2690"]
[TimeControl "180+1"]
[EndTime "13:53:21 PST"]
[Termination "Volodar_Murzin won by checkmate"]

1. d4 d5 2. c4 c6 3. Nf3 Nf6 4. e3 a6 5. Nc3 e6 6. b3 Bb4 7. Bb2 Ne4 8. Qc2 Qa5 9. Rc1 Nd7 10. Bd3 Ndf6 11. O-O Nxc3 12. Bxc3 O-O 13. Bxb4 Qxb4 14.
c5 a5 15. Ne5 a4 16. f4 axb3 17. axb3 Ra3 18. Rb1 h6 19. g4 Nd7 20. h4 Nxe5 21. fxe5 Bd7 22. g5 h5 23. Rf2 b6 24. cxb6 Qxb6 25.
b4 Qd8 26. Rbf1 Qe7 27. Bh7+ Kh8 28. Bg6 Be8 29. Qd1 fxg6 30. Rxf8+ Kh7 31. Qc1 Ra8 32. Qc5 Qb7 33. Kg2 Qa6 34. R1f2 Qd3 35. Qe7 Qe4+ 36.
R8f3 c5 37. Qxc5 Ba4 38. Qc1 Rf8 39. Qh1 Bc2 40. Kg1 Qg4+ 41. Qg2 Rxf3 42. Rxf3 Qe4 43. Rf2 Qxe3 44. b5 Be4 45. Qh2 Qxd4 46. Qg3 Qb6 47.
Kh2 Qxb5 48. Qf4 Bf5 49. Qe3 Qc4 50. Rf4 Qc2+ 51. Qf2 Qd1 52. Kg3 Qd3+ 53. Rf3 Qd1 54. Rf4 d4 55. Rxd4 Qh1 56. Rf4 Qh3# 0-1

[Event "*** Titled Tuesday Blitz"]
[Site "Chess.com"]
[Date "2020.03.03"]
[Round "5"]
[White "StoreySniper"]
[Black "rogapa"]
[Result "0-1"]
[WhiteElo "2444"]
[BlackElo "2736"]
[TimeControl "180+1"]
[EndTime "13:53:24 PST"]
[Termination "rogapa won by resignation"]

1. e4 c5 2. Nf3 d6 3. d4 cxd4 4. Nxd4 Nf6 5. f3 a6 6. c4 e6 7. Nc3 Qc7 8. Be3 Be7 9. Qd2 O-O 10. Rc1 b6 11. Be2 Bb7 12. O-O Nbd7 13. Kh1 Rfc8 14. Bg1 Rab8 15. h3 h5 16. Bh2 Qd8 17. g4 hxg4 18.
hxg4 Ne5 19. b3 Ba8 20. g5 Nfd7 21. f4 Nc6 22. g6 Nxd4 23. gxf7+ Kxf7 24. Qxd4 Nf6 25. f5 Qd7 26. fxe6+ Qxe6 27. Nd5 Rh8 28. Rf4 Rxh2+ 29.
Kxh2 Rh8+ 30. Kg1 Qh3 31. Rc3 Qh1+ 32. Kf2 Rh2+ 33. Ke3 Bxd5 34. Qxd5+ Kg6 35. Rxf6+ Bxf6 36. Qf5+ Kh6 37. Rd3 Bg5+ 38. Kd4 Qg1+ 39. Kd5 Qc5+ 40. Ke6 Qxf5+ 41. Kxf5 g6+ 42. Ke6 Rxe2 43. Rxd6 Rxe4+ 44. Kd5 Re2 45. Rxb6 Rd2+ 46. Ke6 Rxa2 47. c5 Be3 48. b4 a5 49. Kd7 axb4 50. Rxb4 Bxc5 51. Rb5 Be3 52.
Ke6 Rf2 53. Rb3 Bf4 54. Rb4 Kg5 55. Rb5+ Kg4 56. Kf7 g5 57. Kg6 Rd2 58. Rb3 Rd6+ 59. Kf7 Rc6 60. Rb1 Kh3 61. Rh1+ Bh2 62. Rb1 g4 63. Rc1 Rxc1 0-1

[Event "*** Titled Tuesday Blitz"]
[Site "Chess.com"]
[Date "2020.03.03"]
[Round "5"]
[White "sergiochess83"]
[Black "SloLev"]
[Result "1-0"]
[WhiteElo "2922"]
[BlackElo "2523"]
[TimeControl "180+1"]
[EndTime "13:53:25 PST"]
[Termination "sergiochess83 won by resignation"]

1. e4 e5 2. Nf3 Nc6 3. Bb5 Nge7 4. Nc3 a6 5. Bc4 d6 6. Ng5 d5 7. exd5 Na5 8. d3 f6 9. Nge4 b5 10. Qh5+ Ng6 11. Bb3 Nxb3 12. axb3 b4 13. Nd1 Qxd5 14. Ne3 Qf7 15. Nc4 Be7 16. O-O O-O 17. Bd2 Bb7 18.
Ng3 Nf4 19. Qxf7+ Rxf7 20. f3 Bc5+ 21. Be3 Bxe3+ 22. Nxe3 c5 23. Ra5 Rc7 24. Ne4 Ne6 25.
Nd6 Bc6 26. Rfa1 Rd8 27. Ne4 Bb7 28. Kf2 Nd4 29. Rxc5 Rdc8 30. Rxc7 Rxc7 31. Nd6 h6 32.
Nxb7 Rxb7 33. Rxa6 Rc7 34. Ra1 Kh7 35. g4 Kg6 36. h3 h5 37. gxh5+ Kxh5 38. Rc1 f5 39.
Nc4 g6 40. Ke3 Nc6 41. f4 exf4+ 42. Kxf4 Rd7 43. Ke3 Re7+ 44. Kd2 f4 45. Re1 Rf7 46. Rf1 Nd4 47. c3 Nxb3+ 48. Kc2 Nc5 49. Ne5 Rf5 50.
d4 Ne4 51. Kd3 Ng3 52. Rf3 Kh4 53. Nxg6+ Kg5 54. Rxf4 bxc3 55. Rg4+ Kf6 56. Rxg3 cxb2 57. Kc2 Rf2+ 58. Kb1 Rd2 59. Nf4 Rxd4 60. Ne2 Re4 61. Nc3 Rb4 62. Rg2 Rb3 63. Rc2 Kg5 64. Ne4+ Kh4 65.
Nf2 Kg3 66. Rxb2 Rxb2+ 67. Kxb2 1-0

[Event "*** Titled Tuesday Blitz"]
[Site "Chess.com"]
[Date "2020.03.03"]
[Round "5"]
[White "Atanejhad"]
[Black "kasparicy"]
[Result "1-0"]
[WhiteElo "2588"]
[BlackElo "2358"]
[TimeControl "180+1"]
[EndTime "13:53:27 PST"]
[Termination "Atanejhad won by resignation"]

1. e4 c5 2. Nf3 d6 3. d4 cxd4 4.
Nxd4 Nf6 5. Nc3 a6 6. Be3 e6 7.
Qd2 b5 8. f3 b4 9. Nce2 Nbd7 10. g4 h6 11. O-O-O Bb7 12. h4 d5 13. Bh3 dxe4 14.
g5 hxg5 15. hxg5 exf3 16. Nf4 Ne4 17. Qe1 Rxh3 18. Rxh3 Rc8 19. g6 Qa5 20. gxf7+ Kxf7 21. Kb1 e5 22. Nb3 Qc7 23. Nd3 Qxc2+ 24. Ka1 Nef6 25. Bg5 Qe2 26. Bxf6 Qxe1 27. Rxe1 gxf6 28. Nd2 Nc5 29. Nxb4 e4 30. Rh7+ Bg7 31. Rg1 Rg8 32. Nc2 Ne6 33. Ne3 Ng5 34. Rh2 Bf8 35. Nf5 Bc5 36.
Rc1 Rc8 37. a3 e3 38. Nxf3 Nxf3 39. Rh7+ Ke6 40. Rxb7 Kxf5 41. Ka2 e2 42. Rb3 Kf4 43. Rbc3 e1=Q 44. Rc4+ Kg3 45. Rxe1 Nxe1 46. b4 Nd3 47. Rc3 Kf2 48. Rxd3 Be3 49. Rd6 f5 50. Rxa6 f4 51. Rc6 f3 52. Rxc8 Ke2 53. Rf8 f2 54. Kb3 f1=Q 55. Rxf1 Kxf1 56. Kc4 Ke2 57. a4 Kf3 58. a5 Ke4 59. b5 Ke5 60. b6 Kd6 61. Kb5 Kd7 62. Ka6 Kc8 63. Ka7 Bd4 64. Ka8 Be5 65. a6 1-0

[Event "*** Titled Tuesday Blitz"]
[Site "Chess.com"]
[Date "2020.03.03"]
[Round "5"]
[White "HajiyevKanan"]
[Black "2165149677570"]
[Result "0-1"]
[WhiteElo "2347"]
[BlackElo "2246"]
[TimeControl "180+1"]
[EndTime "13:53:29 PST"]
[Termination "2165149677570 won by checkmate"]

1. d4 Nf6 2. Nf3 b6 3. c4 Bb7 4.
Nc3 d5 5. cxd5 Nxd5 6. Qa4+ Qd7 7. Qxd7+ Nxd7 8. Bd2 e6 9. Rc1 a6 10. g3 c5 11.
dxc5 Bxc5 12. Ne4 O-O 13. Bg2 Ne3 14. Nxc5 Nxg2+ 15. Kf1 Nxc5 16. Kxg2 Rac8 17. Be3 Bd5 18. b3 a5 19. Rhd1 a4 20. b4 Na6 21. a3 b5 22.
Kf1 Rfd8 23. Nd4 Bc4 24. Rd2 f6 25. Ke1 Kf7 26. f4 g6 27. Rcd1 Nc7 28. Nc6 Rxd2 29. Rxd2 Nd5 30. Na7 Rc7 31. Bc5 f5 32. Bd4 Ke7 33. e3 Kd7 34. Bb6 Rb7 35. Bc5 Kc7 36. Kf2 Kb8 37. Nc6+ Kc7 38. Nd4 Kd7 39. Kf3 Nc3 40.
Nxb5+ Nd5 41. Nc3 Kc6 42. Nxa4 Rb8 43. Nb2 Bb3 44. Nd3 Ra8 45. Ne5+ Kb5 46. Rd3 Rxa3 47. g4 fxg4+ 48. Nxg4 h5 49. Ne5 Nxb4 50. Bxb4 Kxb4 51.
Nc6+ Kc5 52. Nd4 Bd5+ 53. Ke2 Bc4 54. Kd2 Rxd3+ 55. Kc2 Rxd4 56. exd4+ Kxd4 57. Kd2 Ke4 58. h3 Kxf4 59. Kc3 Bd5 60. Kd4 Kg3 61. Ke5 Kxh3 62. Kf4 Kg2 63. Ke3 h4 64. Kf4 h3 65. Kg4 h2 66.
Kf4 h1=Q 67. Kg5 Qh5+ 68. Kf6 Qf5+ 69. Ke7 e5 70. Kd6 e4 71. Kc5 e3 72. Kd4 e2 73.
Kc3 e1=Q+ 74. Kd4 Qff2+ 75. Kd3 Qfd2# 0-1

[Event "*** Titled Tuesday Blitz"]
[Site "Chess.com"]
[Date "2020.03.03"]
[Round "5"]
[White "Aleksey_Sorokin"]
[Black "NikolaGry"]
[Result "1-0"]
[WhiteElo "2851"]
[BlackElo "2645"]
[TimeControl "180+1"]
[EndTime "13:53:31 PST"]
[Termination "Aleksey_Sorokin won by resignation"]

1. d4 d5 2. c4 Nc6 3. Nf3 Bg4 4.
cxd5 Bxf3 5. gxf3 Qxd5 6. e3 e5 7. Nc3 Bb4 8. Bd2 Bxc3 9. bxc3 Qd6 10. Qb3 b6 11. Bc4 Nh6 12. Qc2 O-O 13. O-O-O Na5 14. Bd3 f5 15. Rhg1 Kh8 16. c4 e4 17. Be2 Rae8 18. Kb1 exf3 19. Bxf3 f4 20. exf4 Nf5 21.
c5 Qxd4 22. Bc3 Qxf4 23. Bh5 Nc4 24. Ka1 Re5 25. Rg4 Qxh2 26. Rxc4 Ne3 27. Qb1 Nxc4 28.
Rh1 Qf4 29. Bf7 h6 30. Bxc4 Rxc5 31. Qg6 Rf6 32. Bxf6 Qxf6+ 33. Qxf6 gxf6 34. Bd3 h5 35. Kb2 Kg7 36. Rg1+ Kf7 37. Bg6+ Ke7 38. f4 h4 39. Rh1 Rc4 40. Rxh4 Kd6 41. Bd3 Rd4 42. Kc3 c5 43. Rg4 Kc6 44. Rg7 Rxf4 45. Rxa7 Rd4 46. a4 Rd6 47.
Bb5+ Kd5 48. Re7 f5 49. Bc4+ Kc6 50. Rf7 Rd1 51. Rxf5 Rc1+ 52. Kd3 Rd1+ 53. Kc2 Rd4 54. Bb5+ Kc7 55. Rf6 Kb7 56. Rf7+ Kb8 57. Kc3 Rb4 58. Bc6 Kc8 59. Rg7 Kb8 60. Re7 Kc8 61. Re4 Rxe4 62. Bxe4 Kb8 63. Kc4 Kc7 64. Kb5 1-0

[Event "*** Titled Tuesday Blitz"]
[Site "Chess.com"]
[Date "2020.03.03"]
[Round "5"]
[White "ChessPlayer202202"]
[Black "SubrotaBiswas"]
[Result "0-1"]
[WhiteElo "2292"]
[BlackElo "2465"]
[TimeControl "180+1"]
[EndTime "13:53:33 PST"]
[Termination "SubrotaBiswas won by checkmate"]

1. e4 e6 2. d4 d5 3. Nd2 c5 4.
exd5 Qxd5 5. Ngf3 cxd4 6. Bc4 Qd6 7. O-O Nf6 8. Nb3 Nc6 9. Nbxd4 Nxd4 10. Nxd4 a6 11.
Bb3 Qc7 12. Qf3 Bd6 13. h3 O-O 14. c3 b5 15. Qxa8 Bb7 16. Qa7 Bc5 17. Bf4 Qe7 18. Nc6 Bxc6 19. Qxe7 Bxe7 20. a4 Nd5 21. Bd2 b4 22.
Bxd5 Bxd5 23. cxb4 Rb8 24. Rfc1 h6 25. b5 axb5 26. a5 b4 27. Bf4 Ra8 28. Be5 Bd8 29. a6 Bb6 30. Ra4 f6 31. Bc7 Bd4 32. Rxb4 Ba7 33. Bb8 Bxb8 34. Rc8+ Kh7 35. Rbxb8 Rxa6 36. b4 Ra2 37. b5 Ra1+ 38. Kh2 Ra2 39. Kg3 h5 40. h4 Ra3+ 41. Kh2 Ra2 42. Kg3 Rb2 43. b6 e5 44. b7 Bxb7 45. Rh8+ Kg6 46. f3 e4 47.
Rhe8 exf3 48. gxf3 Rb3 49. Re7 Rxf3+ 50. Kg2 Bc6 51.
Kh2 Rf2+ 52. Kg1 Rg2+ 53. Kf1 Rg4 54. Rg8 Kh6 55. Rh8+ Kg6 56. Rg8 Kh7 57. Rc8 Bg2+ 58.
Kf2 Be4 59. Rcc7 f5 60. Ke3 Kh6 61. Re6+ Kh7 62. Ree7 Rg3+ 63. Kf4 Rf3+ 64. Kg5 Rg3+ 65. Kxh5 Bf3# 0-1

[Event "*** Titled Tuesday Blitz"]
[Site "Chess.com"]
[Date "2020.03.03"]
[Round "5"]
[White "ChessLover0108"]
[Black "Kislov_Oleg"]
[Result "1-0"]
[WhiteElo "2769"]
[BlackElo "2546"]
[TimeControl "180+1"]
[EndTime "13:53:35 PST"]
[Termination "ChessLover0108 won by resignation"]

1. d4 Nf6 2. c4 e6 3. Nf3 d5 4. Nc3 Bb4 5. Bg5 h6 6. Bxf6 Qxf6 7. Qa4+ Nc6 8. e3 Bd7 9. Qc2 O-O 10. a3 Bxc3+ 11.
Qxc3 dxc4 12. Bxc4 Rfe8 13. Rd1 Rad8 14. O-O e5 15. dxe5 Nxe5 16. Nxe5 Qxe5 17. Qb3 Be6 18. Bxe6 Qxe6 19. Qxb7 Rb8 20. Qxa7 Rxb2 21. Qxc7 Qa2 22. Ra1 Qb3 23. a4 Qd5 24. a5 Re6 25. a6 Rg6 26. Qc8+ Kh7 27. Qh3 Rbb6 28. a7 Ra6 29.
Kh1 Rxa1 30. Rxa1 Ra6 31. Rg1 Rxa7 32. Qf3 Qxf3 33. gxf3 Ra2 34. Kg2 Kg6 35. f4 Kf5 36. Kf3 g6 37. h3 h5 38. Rg5+ Kf6 39. Rb5 Ra1 40. Rb6+ Kg7 41. Kg2 Ra2 42. Rb5 Ra4 43. h4 Kf6 44. Kg3 Ra3 45. Rb6+ Kg7 46. Rb2 Ra5 47.
Kf3 Kf6 48. Rb6+ Kg7 49. Rb3 Kf6 50. e4 Ra1 51. Kg2 Ra4 52. f3 Ra2+ 53. Kg3 Ra5 54.
Rb6+ Kg7 55. Rd6 Rc5 56. Rd5 Rc6 57. f5 Kf6 58. Kf4 Rc1 59. fxg6 Kxg6 60. Rd6+ f6 61. e5 Rc4+ 62. Kg3 Kf5 63. Rxf6+ Kxe5 64. Rh6 Kf5 65. Rxh5+ Kg6 66. Rg5+ Kf6 67. Rg4 Rc1 68. Rf4+ Kg6 69. Re4 Rg1+ 70. Kf2 Rh1 71. Kg2 Re1 72. Rxe1 1-0

[Event "*** Titled Tuesday Blitz"]
[Site "Chess.com"]
[Date "2020.03.03"]
[Round "5"]
[White "denizozen"]
[Black "Sebastian"]
[Result "0-1"]
[WhiteElo "2843"]
[BlackElo "3018"]
[TimeControl "180+1"]
[EndTime "13:53:36 PST"]
[Termination "Sebastian won by resignation"]

1. e4 c5 2. Nf3 d6 3. d4 cxd4 4. Nxd4 Nf6 5. Nc3 a6 6. Bg5 Nbd7 7. f4 Qc7 8. Qf3 h6 9. Bh4 g5 10. fxg5 hxg5 11. Bxg5 Qc5 12. Be3 Ne5 13. Qd1 Neg4 14.
Bg1 Bh6 15. Nf5 Qa5 16. Nxh6 Rxh6 17. Qd2 Be6 18. a3 Rc8 19. Bd3 Rh5 20. O-O-O b5 21. Bd4 b4 22. Nb1 Ne5 23. Qxb4 Nxd3+ 24. Rxd3 Qxb4 25. axb4 Nxe4 26. h3 Rb5 27. Nc3 Nxc3 28. Bxc3 Bd5 29. Rh2 Be4 30. Re3 d5 31. g4 f6 32. h4 Kd7 33. h5 Rg8 34. h6 Bh7 35.
Rhe2 Be4 36. Rd2 Ke6 37. Rh3 Rbb8 38. h7 Rh8 39. Rdh2 Rbf8 40. g5 Rf7 41. gxf6 exf6 42. Kd2 Rhxh7 43. Rxh7 Bxh7 44. Bd4 Be4 45. b3 Rg7 46. Rf2 Rg6 47. c4 f5 48. b5 axb5 49.
cxb5 Rg3 50. Be3 d4 51. Bf4 Rxb3 52. Rh2 Rxb5 53. Rh6+ Kd5 54. Rd6+ Kc4 55. Rd8 Rb2+ 56. Ke1 d3 57. Rc8+ Kd5 58. Rd8+ Ke6 59. Re8+ Kd7 60. Rh8 Re2+ 61. Kd1 Bf3 62. Kc1 Rc2+ 63. Kb1 Be4 64. Rh7+ Ke6 65. Rh2 Rxh2 66. Bxh2 d2+ 0-1

[Event "*** Titled Tuesday Blitz"]
[Site "Chess.com"]
[Date "2020.03.03"]
[Round "5"]
[White "Amirreza_p"]
[Black "Ba_clbaf_osed_ingo_3v21"]
[Result "0-1"]
[WhiteElo "2786"]
[BlackElo "2628"]
[TimeControl "180+1"]
[EndTime "13:53:40 PST"]
[Termination "Ba_clbaf_osed_ingo_3v21 won on time"]

1. e4 c5 2. c3 d5 3. exd5 Qxd5 4.
d4 Nf6 5. Nf3 e6 6. Be3 cxd4 7.
cxd4 Nc6 8. Nc3 Qd6 9. Bd3 Be7 10. O-O O-O 11. a3 b6 12. Qe2 Bb7 13. Rad1 Rfd8 14. Rfe1 Bf8 15. Bg5 Ne7 16. Ne5 Ng6 17. Ne4 Bxe4 18.
Bxe4 Rac8 19. h4 Be7 20. h5 Nxe4 21. Bxe7 Nxe7 22. Qxe4 Qd5 23. Qf4 f6 24. Nf3 Kf7 25. h6 g5 26. Qg4 Ng6 27. Rd3 Rc4 28. Rde3 Rc6 29. g3 Rdd6 30. Rd3 Rc2 31. Nd2 Qf5 32.
Qxf5 exf5 33. b4 Ne5 34. Rde3 Rxd4 35. Nf1 Kg6 36. R3e2 Nf3+ 37. Kg2 Nxe1+ 38. Rxe1 Kxh6 39. Ne3 Rdd2 40. Nxc2 Rxc2 41. Re7 a5 42. Re6 Kg6 43.
Rxb6 axb4 44. Rxb4 h5 45. a4 Ra2 46. Rc4 g4 47. Rb4 Kg5 48. Rc4 h4 49. gxh4+ Kxh4 50. Rb4 Kg5 51. Kg1 f4 52. Rc4 f5 53. Rb4 g3 54. f3 Kh4 55. Rxf4+ Kh3 0-1

[Event "*** Titled Tuesday Blitz"]
[Site "Chess.com"]
[Date "2020.03.03"]
[Round "5"]
[White "ChristianAlm"]
[Black "volcanoexplorer"]
[Result "1-0"]
[WhiteElo "2364"]
[BlackElo "2574"]
[TimeControl "180+1"]
[EndTime "13:53:43 PST"]
[Termination "ChristianAlm won by checkmate"]

1. Nf3 Nf6 2. c4 b6 3. g3 Bb7 4. Bg2 e6 5. O-O Be7 6. b3 O-O 7. Bb2 d6 8. d3 Nbd7 9. Nbd2 a5 10.
Rc1 Re8 11. Qc2 Bf8 12. Rfd1 g6 13. e4 Bg7 14. h4 e5 15. Re1 Nc5 16. Nf1 Ne6 17.
Ne3 c5 18. Nd5 Nxd5 19. exd5 Nf8 20. Re2 Bc8 21. Nh2 Qc7 22. Rce1 Bd7 23. Bc1 a4 24. Be3 axb3 25. axb3 f5 26. Qd2 Ra3 27. b4 Rea8 28. f4 exf4 29. Bxf4 Bc3 30. Qc2 Bxe1 31. Rxe1 Ra2 32. Qc1 cxb4 33. Bh6 Qc5+ 34. Be3 Qa5 35. Bd4 Re8 36. Rxe8 Bxe8 37. Qh6 Ra1+ 38. Nf1 Qa7 39.
Qe3 Ra2 40. Qxe8 Qf7 41. Qxf7+ Kxf7 42. Bxb6 b3 43. Bd4 b2 44. Bxb2 Rxb2 45. d4 Nd7 46. Ne3 Re2 47. Nf1 Rc2 48. Ne3 Re2 49. Nf1 Kf6 50. Bf3 Re1 51. Kf2 Rc1 52. Ne3 Nb6 53. Be2 h6 54. Kf3 g5 55. hxg5+ hxg5 56. g4 f4 57. Nf5 Rc3+ 58. Ke4 Nxc4 59. Bxc4 Rxc4 60. Nxd6 Rc3 61. Nf5 f3 62. d6 f2 63. d7 f1=Q 64. d8=Q+ Kg6 65. Qg8+ Kf6 66. Qf8+ Ke6 67. Qe7# 1-0

[Event "*** Titled Tuesday Blitz"]
[Site "Chess.com"]
[Date "2020.03.03"]
[Round "5"]
[White "vlad_Sid"]
[Black "ChessicallyInclined"]
[Result "1-0"]
[WhiteElo "2692"]
[BlackElo "2484"]
[TimeControl "180+1"]
[EndTime "13:53:45 PST"]
[Termination "vlad_Sid won by resignation"]

1. c4 b6 2. g3 Bb7 3. Nf3 Bxf3 4. exf3 c5 5. d4 cxd4 6. Qxd4 Nc6 7. Qd2 g6 8. b3 Bg7 9. Bb2 Bxb2 10. Qxb2 Nf6 11.
Bg2 O-O 12. O-O e5 13. Nc3 Nd4 14. Rad1 Ne6 15. Rfe1 Qc7 16. f4 Rae8 17. Nb5 Qb8 18. fxe5 Ng4 19. Rxd7 a6 20. Na7 Nc5 21. Nc6 Qc8 22. Rd4 Re6 23. Bd5 Rxc6 24. Bxc6 Qxc6 25.
Rxg4 Nd3 26. Qe2 Nxe1 27. Qxe1 Re8 28. Re4 h5 29. h4 a5 30. Kh2 Re6 31. Qe3 Qc7 32. Qd4 Kh7 33. Qd5 Qe7 34. Rf4 Kg7 35. Re4 Qa3 36. Qd2 Qc5 37. Qb2 Kg8 38. Re2 b5 39.
cxb5 Qxb5 40. Qc3 a4 41. Re4 axb3 42. axb3 Qf1 43. Qe1 Qd3 44. b4 Qb5 45. Qc3 Kh7 46. Rf4 Kg7 47. Qc7 Qe8 48. Re4 Re7 49. Qc3 Re6 50. Qb3 Qb5 51. Kg1 Qc6 52. Re3 Qb5 53.
Qc3 Kg8 54. Qc5 Qa4 55. b5 Qd1+ 56. Kg2 Qb1 57. Qd5 Qb4 58. Rb3 Qe7 59. b6 Rxe5 60.
Qa8+ Kg7 61. b7 Re2 62. b8=Q Qc5 63. Qa1+ f6 64. Qaa7+ 1-0

[Event "*** Titled Tuesday Blitz"]
[Site "Chess.com"]
[Date "2020.03.03"]
[Round "5"]
[White "Witik"]
[Black "Keithonsky"]
[Result "1-0"]
[WhiteElo "2647"]
[BlackElo "2434"]
[TimeControl "180+1"]
[EndTime "13:53:57 PST"]
[Termination "Witik won by resignation"]

1. c3 Nf6 2. d3 d5 3. h3 e6 4. g4 Be7 5. Bg2 c5 6. Nd2 b6 7. Nf1 Bb7 8. Ng3 Nc6 9. Nf3 Qc7 10. Qa4 O-O-O 11. a3 Kb8 12. b4 c4 13. g5 Nd7 14.
d4 f6 15. h4 e5 16. Nf5 Bf8 17.
h5 Re8 18. Be3 b5 19. Qc2 Nb6 20. Rd1 e4 21. N3h4 Bc8 22. Qc1 Kb7 23. Bf4 Qd8 24.
g6 h6 25. Bh3 Be6 26. Ne3 Bxh3 27. Rxh3 Na4 28. Kf1 Qd7 29. Kg2 Nd8 30. Nhf5 Ne6 31. Bg3 Nb6 32. Rhh1 Ng5 33. Qd2 Re6 34. Qe1 Rc6 35.
Qg1 Be7 36. Nxg7 Bxb4 37. axb4 Qxg7 38. Qh2 Qd7 39. Qh4 Na4 40. Rc1 Rf8 41. Qf4 a5 42.
bxa5 Ka6 43. Qf5 Qxf5 44. Nxf5 Rh8 45. Ne7 Re6 46. Nxd5 f5 47. Be5 Rg8 48. Nf4 Ree8 49. Bf6 Ne6 50. Nd5 f4 51. Nb4+ Kxa5 52. Be5 Kb6 53.
Rc2 Ref8 54. Nd5+ Kb7 55. Ne7 f3+ 56. exf3 exf3+ 57. Kg3 Ng5 58. Nxg8 Rxg8 59. Kg4 Rf8 60. Bf4 Ne4 61. Bxh6 Rg8 62. Kf5 Naxc3 63. g7 Kc7 64.
Kg6 Kd7 65. Kh7 Nf6+ 66. Kg6 Ncd5 67. Bg5 Ne8 68. h6 c3 69. Re1 b4 70. Re5 Kd6 71.
Kf7 Nxg7 72. hxg7 Rxg7+ 73. Kxg7 Nb6 74. Be7+ Kd7 75. Bxb4 Nc4 76. Rd5+ Ke6 77. Rc5 Nd6 78. Rc6 Kd5 79. Rxd6+ Kc4 80. Rxc3+ Kxb4 81. Rc1 Kb5 82. Rd8 Ka5 83. Rb8 1-0

[Event "*** Titled Tuesday Blitz"]
[Site "Chess.com"]
[Date "2020.03.03"]
[Round "5"]
[White "LittlePeasant"]
[Black "Willychess95"]
[Result "1-0"]
[WhiteElo "2807"]
[BlackElo "2618"]
[TimeControl "180+1"]
[EndTime "13:53:58 PST"]
[Termination "LittlePeasant won on time"]

1. d4 Nf6 2. c4 e6 3. Nf3 Bb4+ 4. Nbd2 d5 5. a3 Be7 6. g3 O-O 7. Bg2 c5 8. dxc5 Bxc5 9. b4 Be7 10. Bb2 b6 11.
O-O Bb7 12. Rc1 Nbd7 13. Qb3 a5 14. Rfd1 Qb8 15. Nd4 axb4 16. axb4 Rc8 17. cxd5 Nxd5 18. Nc4 Nxb4 19. Bxb7 Qxb7 20. Nb5 Na2 21. Ra1 Nc5 22. Qe3 Qe4 23. Qxe4 Nxe4 24. Nxb6 Nac3 25. Bxc3 Rxa1 26.
Bxa1 Rb8 27. Bd4 e5 28. Be3 Bd8 29. Na7 Bxb6 30. Bxb6 Nc3 31. Rd2 f6 32. Be3 Rb7 33. Nc8 Ne4 34. Rd1 Rb2 35. Kf1 Nc3 36. Rd2 Rb1+ 37. Kg2 Ne4 38. Rd7 h5 39. Nd6 Nc3 40. Nf5 g6 41. Rg7+ Kf8 42. Rxg6 Nxe2 43. Rxf6+ Kg8 44.
Nh6+ Kg7 45. Rf7+ Kg6 46. Rf8 e4 47. Rg8+ Kh7 48. Re8 Rg1+ 49. Kh3 Rd1 50. Re7+ Kg6 51. Re6+ Kh7 52. Rxe4 Kg6 53. Re6+ Kh7 54. Kg2 Rg1+ 55.
Kf3 Nc3 56. Nf5 Nd5 57. Ke4 Nc3+ 58. Kd4 Nb5+ 59. Ke5 Ra1 60. Kf6 Ra7 61. Re7+ Rxe7 62. Nxe7 Na3 63. Ng6 Nc4 64. Nf8+ Kg8 65. Ne6 Kh7 66. Kg5 h4 67. Kxh4 Nd6 68. Ng5+ Kg6 69.
Kg4 Nc4 70. h4 Kg7 71. h5 Kg8 72. Bd4 Nd6 73. Be5 Nc4 74. Kf5 Nb6 75. h6 1-0